 Dungeon Crawl Stone Soup version 0.18.1-48-g4cf74bf (webtiles) character file.

57 OTRawrior the Digger (level 4, -1/24 HPs)
             Began as a Gargoyle Earth Elementalist on Aug 19, 2016.
             Slain by ThereIsNoGod's ghost (9 damage)
             ... on level 3 of the Dungeon.
             The game lasted 00:06:37 (2281 turns).

OTRawrior the Digger (Gargoyle Earth Elementalist)  Turns: 2281, Time: 00:06:38

Health: -1/24      AC:  7    Str: 12    XL:     4   Next: 0%
Magic:  0/9        EV:  7    Int: 16    God:
Gold:   85         SH:  0    Dex: 10    Spells: 2 memorised, 5 levels left

rFire  . . .     SeeInvis .     b - 43 stones
rCold  . . .     Gourm    .     a - +0 robe
rNeg   + . .     Faith    .     (no shield)
rPois  ∞         Spirit   .     (no helmet)
rElec  +         Dismiss  .     j - +1 cloak
rCorr  .         Reflect  .     (no gloves)
SustAt .         Harm     .     (no boots)
MR     .....                    (no amulet)
Stlth  ++........               (no ring)
                                (no ring)

@: not resistant to hostile enchantments, unstealthy
A: negative energy resistance 1, electricity resistance, unbreathing,
petrification resistance, rot immunity, AC +3
a: no special abilities


You were on level 3 of the Dungeon.
You were not hungry.

You visited 1 branch of the dungeon, and saw 3 of its levels.

You collected 85 gold pieces.

Inventory:

Hand Weapons
 e - a +0 whip
Missiles
 b - 43 stones (in hand)
Armour
 a - a +0 robe (worn)
 j - a +1 cloak (worn)
Wands
 i - a wand of acid (10/15)
Scrolls
 k - a scroll of teleportation {unknown}
 l - a scroll of recharging {unknown}
Potions
 f - a potion of resistance {unknown}
 g - a potion of heal wounds {unknown}
 h - a potion of lignification {unknown}
Books
 c - a book of Geomancy

   Spells                             Type                      Level
   a - Sandblast                      Earth                        1
   b - Passwall                       Transmutation/Earth          2
   c - Stone Arrow                    Conjuration/Earth            3
   d - Petrify                        Transmutation/Earth          4
   e - Lee's Rapid Deconstruction     Earth                        5
Comestibles
 d - a bread ration


   Skills:
 - Level 1.5 Dodging
 - Level 2.1 Stealth
 * Level 3.4 Spellcasting
 + Level 0.0 Conjurations
   Level 0.7 Transmutations
 + Level 4.3 Earth Magic


You had 5 spell levels left.
You knew the following spells:

 Your Spells              Type           Power        Failure   Level  Hunger
a - Sandblast             Erth           ###...       3%          1    None
b - Stone Arrow           Conj/Erth      #.....       21%         3    ###....


Dungeon Overview and Level Annotations

Branches:
Dungeon (3/15)

Altars:
Gozag

Annotations:
D:3 ThereIsNoGod's ghost, amateur MiGl


Innate Abilities, Weirdness & Mutations

You are resistant to torment.
Your stone body is resilient (AC +3).
You are immune to poison.
You resist negative energy.
You are resistant to electric shocks.
You can survive without breathing.
You are immune to petrification.
You are immune to rotting.


Message History

Aim: ThereIsNoGod's ghost The stone arrow misses ThereIsNoGod's ghost.
The adder barely misses you. ThereIsNoGod's ghost misses you.
Casting: Stone Arrow
Confirm with . or Enter, or press ? or * to list all spells.
Aiming: Stone Arrow
Press: ? - help, Shift-Dir - straight line, f/p - ThereIsNoGod's ghost
Aim: ThereIsNoGod's ghost The stone arrow misses ThereIsNoGod's ghost.
The adder closely misses you. ThereIsNoGod's ghost hits you!
The adder barely misses you.
Casting: Stone Arrow
Confirm with . or Enter, or press ? or * to list all spells.
Aiming: Stone Arrow
Press: ? - help, Shift-Dir - straight line, f/p - ThereIsNoGod's ghost
Aim: ThereIsNoGod's ghost The stone arrow misses ThereIsNoGod's ghost.
ThereIsNoGod's ghost hits you! The adder barely misses you.
The adder barely misses you. ThereIsNoGod's ghost hits you!
You die...

.. .# . ##.
#.### .. ...
.... ... .. ...
..=. #. ..#
...†w#.#..#
#.......#
#....@..#
##..SW.......
..........#####
###.......#
#.......#
#.......#
#...$...#
.....>..#


You could see a worm, ThereIsNoGod's ghost and an adder.

Vanquished Creatures
  An adder (D:2)
  2 dart slugs
  A giant gecko (D:2)
  2 giant cockroaches (D:1)
  8 goblins
  2 hobgoblins (D:2)
  6 jackals (D:2)
  2 quokkas (D:2)
  A ball python (D:2)
  6 bats
  3 giant newts
  4 kobolds
  6 rats
44 creatures vanquished.

Notes
Turn   | Place    | Note
--------------------------------------------------------------
     0 | D:1      | OTRawrior the Gargoyle Earth Elementalist began the quest for the Orb.
     0 | D:1      | Reached XP level 1. HP: 10/10 MP: 3/3
   298 | D:1      | Reached XP level 2. HP: 15/15 MP: 3/5
   962 | D:2      | Reached skill level 4 in Earth Magic
   985 | D:2      | Reached XP level 3. HP: 19/19 MP: 0/7
  1952 | D:2      | Learned a level 3 spell: Stone Arrow
  2113 | D:2      | Found an opulent altar of Gozag.
  2200 | D:3      | Noticed ThereIsNoGod's ghost (amateur MiGl)
  2204 | D:3      | Reached XP level 4. HP: 24/24 MP: 1/9
  2281 | D:3      | Slain by ThereIsNoGod's ghost

Skill      XL: |  1  2  3 |
---------------+----------+-----
Earth Magic    | 4 |  4.3
Spellcasting   | 3 |  3.4
Dodging        | |  1.5
Stealth        | |  2.1
Transmutations | |  0.7

Action                   |  1- 3 |  4- 6 || total
-------------------------+-------+-------++-------
Melee: Whip              |    72 |       ||    72
 Cast: Sandblast         |    53 |       ||    53
       Stone Arrow       |     1 |     4 ||     5
 Stab: Sleeping          |     5 |       ||     5
  Eat: Chunk             |     4 |     1 ||     5
Armor: Robe              |    39 |     1 ||    40
Dodge: Dodged            |    75 |     7 ||    82
